 Dungeon Crawl Stone Soup version 0.27.1-34-g3ba077fa99 (webtiles) character file.

Game seed: 14106562823273702781

28 Sharkman1231 the Skirmisher (level 2, -2/24 HPs)
             Began as a Demonspawn Abyssal Knight on Jan 30, 2022.
             Was a Believer of Lugonu.
             Slain by an adder (4 damage)
             ... on level 2 of the Dungeon.
             The game lasted 00:00:56 (1288 turns).

Sharkman1231 the Skirmisher (DsAK)                  Turns: 1288, Time: 00:00:56

Health: -2/24      AC:  3    Str: 12    XL:     2   Next: 96%
Magic:  4/4        EV: 11    Int: 13    God:    Lugonu [**....]
Gold:   24         SH:  0    Dex: 12    Spells: 1/1 levels left

rFire    + . .     SeeInvis .   a - +0 long sword
rCold    + . .     Faith    .   (no shield)
rNeg     . . .     Spirit   .   b - +0 leather armour
rPois    +         Reflect  .   (no helmet)
rElec    +         Harm     .   (no cloak)
rCorr    +         Rampage  .   (no gloves)
Will     .....                  (no boots)
Stlth    +.........             (no amulet)
HPRegen  0.08/turn              (no ring)
MPRegen  0.09/turn              (no ring)

@: lethally poisoned (-2 -> -5), resistant
A: demonic magic 1
a: Renounce Religion, Depart the Abyss, Bend Space


You were on level 2 of the Dungeon.
You worshipped Lugonu.
Lugonu was pleased with you.
You visited 1 branch of the dungeon, and saw 2 of its levels.
You visited the Abyss 1 time.

You collected 24 gold pieces.

Inventory:

Hand Weapons
 a - a +0 long sword (weapon)
 c - a +1 falchion
Armour
 b - a +0 leather armour (worn)
Scrolls
 d - a scroll of noise {unknown}
 e - a scroll of amnesia {unknown}


   Skills:
 + Level 3.2 Fighting
 * Level 2.4 Long Blades
 - Level 1.7 Armour
 + Level 1.3 Dodging
 + Level 2.9 Invocations


You had one spell level left.
You didn't know any spells.
Your spell library was empty.

Dungeon Overview and Level Annotations

Branches:
Dungeon (2/15)

Altars:


Innate Abilities, Weirdness & Mutations

Spells you cast may paralyse adjacent enemies.


Message History

The ball python hisses angrily. x2
Found a scroll labelled YGGIOH ICORHU.
The adder hisses angrily.
You hear a shout!
The ball python bites you but does no damage.
The ball python closely misses you.
You closely miss the ball python. The ball python closely misses you. x2
The ball python bites you. The ball python grabs you.
The ball python constricts you.
You slash the ball python!
You kill the ball python!
Lugonu accepts your kill. The ball python bites you.
The ball python barely misses you.
A hobgoblin comes into view.
A rat comes into view.
The ball python bites you. The ball python grabs you.
The ball python constricts you. The adder closely misses you.
Unknown command.
You escape the ball python's grasp.
The adder bites you. The adder closely misses you.
You closely miss the adder. The adder misses you.
You riposte.
You miss the adder. You slash the adder!
The adder is almost dead.
The adder bites you but does no damage. The adder bites you.
You closely miss the adder.
The adder is almost dead.
The adder bites you.
* * * LOW HITPOINT WARNING * * *
The adder bites you.
* * * LOW HITPOINT WARNING * * *
You are lethally poisoned!
The adder poisons you!
It was a potion of resistance.
You feel protected.
* * * LOW HITPOINT WARNING * * *
You feel sick. The adder closely misses you.
You barely miss the adder.
The adder is almost dead.
* * * LOW HITPOINT WARNING * * *
You feel sick. The adder bites you but does no damage. The adder bites you.
You die...

#............
#.. .........
##............
..#.........#
...#........
..#.#..........
...............
#@# ...
#S###..r.
#Sg.>....
#r.#.....
.........# #...
....###..). ..
.# .....?.
(..#.#.#
..#.... #


You could see an adder, a hobgoblin, a ball python and a rat.

Vanquished Creatures
  A dart slug (D:1)
  A ball python (D:2)
  A bat (D:1)
  An endoplasm (D:1)
  A giant cockroach (D:1)
  3 goblins (D:1)
  3 hobgoblins (D:1)
  3 jackals (D:1)
  A quokka (D:1)
  A frilled lizard (D:1)
  3 kobolds (D:1)
  4 rats (D:1)
23 creatures vanquished.

Notes
Turn   | Place    | Note
-------+----------+-------------------------------------------
     0 | Abyss:1  | Sharkman1231 the Demonspawn Abyssal Knight began the quest
                  | for the Orb.
     0 | Abyss:1  | Reached XP level 1. HP: 18/18 MP: 2/2
    19 | D:1      | Escaped the Abyss
    54 | D:1      | Reached skill level 1 in Dodging
   335 | D:1      | Gained mutation: Spells you cast may paralyse adjacent
                  | enemies. [demonic ancestry]
   335 | D:1      | Reached XP level 2. HP: 5/24 MP: 4/4
  1024 | D:1      | Reached ** piety under Lugonu
  1288 | D:2      | Slain by an adder

Illustrated notes

Levels and vault maps discovered:
D:1:      eino_arrival_druids_welcome, layout_basic, minivault_19,
          minmay_tetromino_i4
D:2:      layout_rooms, minmay_box_of_dots

Skill      XL: |  1 |
---------------+----+-----
Dodging        | 1 |  1.3
Long Blades    | 2 |  2.4
Fighting       | |  3.2
Armour         | |  1.7
Invocations    | |  2.9

Action                   || total
-------------------------++-------
Melee: Long sword        ||    67
  Use: Potion            ||     2
Armor: Leather armour    ||    20
Dodge: Dodged            ||    39
       Rpst.: Long sword ||    11
